 Dungeon Crawl Stone Soup version 0.23.0 (webtiles) character file.

Game seed: 5763850668782175860

128363 poirepourri the Severer (level 16, 0/146 HPs)
             Began as a Minotaur Fighter on Feb 13, 2019.
             Was the Champion of Okawaru.
             Succumbed to poison (poison gas)
             ... on level 4 of the Swamp.
             The game lasted 00:36:14 (27097 turns).

poirepourri the Severer (Minotaur Fighter)         Turns: 27097, Time: 00:36:15

Health: 0/146      AC: 19    Str: 36    XL:     16   Next: 48%
Magic:  3/25       EV: 16    Int:  5    God:    Okawaru [******]
Gold:   2285       SH: 24    Dex: 22    Spells: 15/15 levels left

rFire    + . .     SeeInvis .   a - +4 broad axe of Duty {protect, rF+}
rCold    . . .     Gourm    .   c - +5 shield
rNeg     + . .     Faith    .   B - +4 plate armour "Gujumi" {MR+ Str+4}
rPois    .         Spirit   +   (helmet restricted)
rElec    .         Reflect  +   E - scarf {Spirit}
rCorr    .         Harm     .   M - +0 pair of gloves {Dex+3}
MR       +++..                  (no boots)
Stlth    ..........             F - +3 amulet of reflection
HPRegen  0.34/turn              I - +3 ring of dexterity
MPRegen  0.19/turn              p - ring "Itheofy" {rN+ MR+ Str+5}

@: mighty, lethally poisoned (0 -> -9), very slightly contaminated
A: retaliatory headbutt, horns 2
a: Heroism, Finesse, Renounce Religion


You were on level 4 of the Swamp.
You worshipped Okawaru.
Okawaru was exalted by your worship.
You were not hungry.

You visited 5 branches of the dungeon, and saw 27 of its levels.
You also visited: Sewer.

You collected 2773 gold pieces.
You spent 488 gold pieces at shops.

Inventory:

Hand Weapons
 a - the +4 broad axe of Duty (weapon) {protect, rF+}
   (Okawaru gifted it to you on level 12 of the Dungeon)

   It protects the one who uses it against injury (+AC on strike).
   It protects you from fire.
 b - a +5 eveningstar of crushing
Missiles
 i - 37 tomahawks
 r - 214 bolts
 J - a throwing net (quivered)
 Z - 3 poisoned javelins
Armour
 c - a +5 shield (worn)
 B - the +4 plate armour "Gujumi" (worn) {MR+ Str+4}
   (Okawaru gifted it to you on level 10 of the Dungeon)

   It affects your strength (+4).
   It affects your resistance to hostile enchantments.
 E - a scarf of spirit shield (worn)
 M - a +0 pair of gloves of dexterity (worn)
 U - a +2 large shield of protection
Jewellery
 d - an uncursed ring of see invisible
 m - an uncursed ring of protection from magic
 p - the ring "Itheofy" (right hand) {rN+ MR+ Str+5}
   (You found it on level 7 of the Dungeon)

   [ring of positive energy]

   It affects your strength (+5).
   It protects you from negative energy.
   It affects your resistance to hostile enchantments.
 w - an uncursed ring of fire
 F - a +3 amulet of reflection (around neck)
 I - a +3 ring of dexterity (left hand)
 K - an uncursed ring of protection from fire
 T - a +4 ring of strength
 Y - an uncursed ring of flight
Wands
 e - a wand of paralysis (13)
 s - a wand of random effects (20)
 v - a wand of disintegration (15)
 x - a wand of flame (64)
 y - a wand of polymorph (36)
 O - a wand of digging (6)
Scrolls
 h - a scroll of amnesia
 j - 10 scrolls of teleportation
 q - 15 scrolls of remove curse
 t - 2 scrolls of identify
 u - 3 scrolls of silence
 z - 2 scrolls of blinking
 D - a scroll of fog
 N - a scroll of enchant armour
 S - a scroll of magic mapping
Potions
 g - 2 potions of mutation
 k - 2 potions of resistance
 l - a potion of haste
 n - 9 potions of brilliance
 o - 6 potions of flight
 C - 2 potions of ambrosia
 L - a potion of agility
 P - 2 potions of lignification
 Q - a potion of might
 W - 2 potions of invisibility
Miscellaneous
 A - a phial of floods (inert)
 V - a phial of floods (inert)
Comestibles
 f - 34 rations


   Skills:
 - Level 14.2 Fighting
 + Level 15.6 Axes
 - Level 8.1 Armour
 - Level 10.1 Dodging
 - Level 15.0 Shields
 - Level 14.1 Invocations
 - Level 10.0 Evocations


You had 15 spell levels left.
You didn't know any spells.
Your spell library contained the following spells:

 Spells                   Type           Power        Failure   Level  Hunger
 Magic Dart               Conj           #...         97%         1    ##.....
 Poisonous Vapours        Pois/Air       #.....       99%         2    ###....
 Searing Ray              Conj           #.....       99%         2    ###....
 Conjure Flame            Conj/Fire      #.......     100%        3    ####...
 Dazzling Spray           Conj/Hex       #.....       100%        3    ####...
 Mephitic Cloud           Conj/Pois/Air  #.......     100%        3    ####...
 Ozocubu's Armour         Chrm/Ice       #.......     100%        3    ####...
 Recall                   Summ/Tloc      N/A          100%        3    ####...
 Animate Dead             Necr           N/A          100%        4    #####..
 Force Lance              Conj/Tloc      #.......     100%        4    #####..
 Fulminant Prism          Conj/Hex       #.........   100%        4    #####..
 Iskenderun's Mystic Bla  Conj           #.......     100%        4    #####..
 Borgnjor's Vile Clutch   Necr/Erth      #.........   100%        5    ######.
 Iskenderun's Battlesphe  Conj/Chrm      #.......     100%        5    ######.
 Metabolic Englaciation   Hex/Ice        #.........   100%        5    ######.
 Death Channel            Necr           #.........   100%        6    #######
 Freezing Cloud           Conj/Ice/Air   #.........   100%        6    #######
 Simulacrum               Ice/Necr       #.........   100%        6    #######
 Ring of Flames           Chrm/Fire      #.........   100%        7    #######
 Spellforged Servitor     Conj/Summ      #.........   100%        7    #######


Dungeon Overview and Level Annotations

Branches:
Dungeon (14/15)            Temple (1/1) D:5            Lair (6/6) D:11
  Swamp (4/4) Lair:3        Snake (0/4) Lair:3        Slime (0/5) Lair:5
    Orc (2/2) D:12            Elf (0/3) Orc:2        Vaults (0/5) D:13

Altars:
Ashenzari
Cheibriados
Dithmenos
Elyvilon
Fedhas
Gozag
Hepliaklqana
Kikubaaqudgha
Makhleb
Nemelex Xobeh
Okawaru
Qazlal
Ru
Sif Muna
Trog
Uskayaw
Vehumet
Wu Jian
Xom
Yredelemnul
Zin
The Shining One
Beogh

Shops:
D:5 =***[   D:11 }   Orc:2 [(**


Innate Abilities, Weirdness & Mutations

You reflexively headbutt those who attack you in melee.
You have a pair of horns on your head.


Message History

You feel less confused.
* * * LOW HITPOINT WARNING * * *
You feel sick.
The seven-headed hydra barely misses you.
The seven-headed hydra closely misses you.
You block the seven-headed hydra's attack. x2
The seven-headed hydra bites you but does no damage.
You block the seven-headed hydra's attack.
The seven-headed hydra bites you but does no damage.
You block the seven-headed hydra's attack.
The seven-headed hydra closely misses you.
The seven-headed hydra bites you but does no damage. x3
The seven-headed hydra bites you.
* * * LOW HITPOINT WARNING * * *
The seven-headed hydra bites you.
* * * LOW HITPOINT WARNING * * *
Blink to where?
Press: ? - help, Dir - move target cursor
As you read the scroll of blinking, it crumbles to dust.
You die...

♣♣♣≈≈≈≈♣♣♣♣≈.≈≈♣♣
♣≈≈.≈≈≈.≈Dk♣.≈≈.♣
♣♣♣♣♣♣♣♣♣≈≈..≈≈.§D≈.§.§.♣
♣♣..≈....≈≈..≈≈.♣♣.≈≈.≈.≈♣#
♣♣≈≈≈≈≈≈≈.≈≈≈≈≈≈≈♣♣♣..≈≈≈.≈.
♣♣...≈≈≈≈≈..≈≈≈≈..♣
♣♣.÷.≈.≈.
♣.≈≈...≈≈≈.≈≈≈≈.≈♣♣ ♣♣≈≈...≈
♣.≈≈..≈♣≈...≈≈.♣♣♣ ♣♣...♣#
♣≈.≈♣♣♣♣♣♣♣§@..♣ .≈♣♣
♣♣.♣♣♣♣..≈§...♣♣ ?≈♣
♣♣♣♣♣..§≈≈≈≈≈≈♣♣ .♣♣
♣♣.≈≈≈≈≈≈≈≈≈.♣ .♣
♣..≈≈≈≈≈≈≈≈≈§♣ .≈
♣..≈≈≈≈≈≈≈≈≈.♣♣♣
♣♣.≈≈≈.<.≈≈≈≈♣≈♣♣♣
♣.≈≈≈≈.≈≈≈≈.....♣♣ ♣♣♣
♣≈≈≈≈≈≈≈≈≈≈≈.....♣♣♣♣.♣♣


There were no monsters in sight!

Vanquished Creatures
  Saint Roka (Orc:2)
  Rupert (D:14)
  Frances (D:14)
  3 thorn hunters
  Kirke (D:14)
  Donald (Orc:2)
  Josephine (Lair:6)
  A vault guard (D:13)
  Erolcha (D:12)
  Fannar (D:10)
  2 ghost crabs (Swamp:3)
  The ghost of Xaytacwe the Reanimator, a journeyman GnNe of Cheibriados (Lair:1)
  18 hydras
  A catoblepas (Lair:6)
  A merfolk avatar (Lair:6)
  A death knight (D:12)
  2 centaur warriors
  5 two-headed ogres
  14 alligators
  Nergalle (D:10)
  5 skeletal warriors
  3 sea snakes
  3 unseen horrors
  A spriggan druid (Swamp:4)
  4 swamp dragons (Swamp:4)
  12 ugly things
  A salamander (shapeshifter) (D:14)
  2 deep elf magi (D:13)
  4 orc sorcerers (Orc:2)
  2 cyclopes (D:13)
  A manticore (Lair:6)
  12 elephants
  3 centaur zombies
  4 black mambas
  A molten gargoyle (Lair:5)
  Psyche (D:10)
  A gargoyle (D:11)
  17 spiny frogs
  4 centaur skeletons
  10 komodo dragons
  4 rime drakes
  An efreet (D:14)
  4 freezing wraiths
  2 trolls (D:14)
  4 polar bears
  A queen bee (Lair:2)
  11 tyrant leeches
  4 bog bodies
  8 blink frogs
  11 slime creatures
  6 hornets
  A meliai zombie (D:13)
  5 hippogriffs
  Grinder (D:5)
  5 shadows
  A tarantella (shapeshifter) (D:13)
  Sigmund (D:6)
  5 wraiths
  2 spriggans (Swamp:1)
  58 yaks
  2 vampires
  3 wyverns
  3 hogs (D:14)
  2 basilisks
  11 vampire mosquitoes
  2 fire bats (Lair:5)
  A steam dragon (D:13)
  3 nagas (Lair:3)
  2 hungry ghosts
  3 wargs
  16 insubstantial wisps
  A soldier ant (D:13)
  20 swamp worms
  13 water moccasins
  7 porcupines
  31 orc warriors
  7 swamp drakes
  An ice beast (D:10)
  2 black bears
  8 phantoms
  19 ogres
  A necrophage (D:9)
  4 sky beasts
  6 wolves
  3 centaurs
  13 crocodiles
  7 big kobolds
  17 bullfrogs
  A wyvern zombie (D:13)
  6 scorpions
  24 killer bees (Lair:2)
  14 wights
  An electric eel (D:8)
  2 crimson imps
  4 bullfrog zombies
  2 howler monkeys
  16 jellies
  5 hounds
  22 orc wizards
  25 orc priests
  Crazy Yiuf (D:5)
  6 iguanas
  5 bullfrog skeletons
  2 hell rats (D:8)
  11 worker ants
  A worker ant zombie (D:10)
  4 gnolls (D:7)
  A howler monkey skeleton (D:11)
  A howler monkey zombie (D:8)
  11 adders
  9 river rats (D:8)
  A shadow imp (D:9)
  An ooze (Sewer)
  An adder zombie (D:7)
  4 leopard geckos
  104 orcs
  8 ball pythons
  4 giant cockroaches
  A hobgoblin (D:3)
  7 jackals
  36 kobolds
  4 quokkas (D:8)
  4 bats
  5 frilled lizards
  4 goblins
  A jackal skeleton (D:8)
  A leopard gecko zombie (D:5)
  A quokka zombie (D:6)
  20 rats
  A briar patch (Swamp:3)
  2 fungi
  2 plants
878 creatures vanquished.

Vanquished Creatures (collateral kills)
  A swamp dragon (Swamp:4)
1 creature vanquished.

Vanquished Creatures (others)
  A shambling mangrove (Swamp:3)
  A spriggan (Swamp:4)
  A hornet (Swamp:4)
  3 humans (D:14)
  A swamp worm (Swamp:3)
  2 swamp drakes (Swamp:4)
  2 briar patches (Swamp:3)
  A bush (Lair:6)
  6 fungi
  11 plants
29 creatures vanquished.

Grand Total: 908 creatures vanquished

Notes
Turn   | Place    | Note
-------+----------+-------------------------------------------
     0 | D:1      | poirepourri the Minotaur Fighter began the quest for the
                  | Orb.
     0 | D:1      | Reached XP level 1. HP: 19/19 MP: 0/0
     9 | D:1      | You fall through a shaft!
    14 | D:2      | Found a bloodstained altar of Trog.
    23 | D:2      | Noticed an orc wizard
    24 | D:2      | Noticed an orc wizard
    31 | D:2      | Killed an orc wizard
    31 | D:2      | Reached XP level 2. HP: 26/26 MP: 1/1
    31 | D:2      | Reached XP level 3. HP: 31/31 MP: 2/2
    37 | D:2      | Reached skill level 5 in Axes
    64 | D:2      | Reached XP level 4. HP: 39/39 MP: 3/3
    74 | D:2      | Found a faded altar of an unknown god.
  1155 | D:3      | Reached XP level 5. HP: 10/45 MP: 4/4
  1630 | D:3      | Found a glowing drain.
  1645 | Sewer    | Entered a sewer
  1765 | Sewer    | Reached XP level 6. HP: 44/51 MP: 5/5
  2293 | D:4      | Reached XP level 7. HP: 57/57 MP: 6/6
  2310 | D:4      | Found a white marble altar of Elyvilon.
  2511 | D:4      | Reached skill level 10 in Axes
  2880 | D:4      | Reached XP level 8. HP: 40/64 MP: 7/7
  3051 | D:5      | Entered Level 5 of the Dungeon
  3066 | D:5      | Found a staircase to the Ecumenical Temple.
  3077 | Temple   | Entered the Ecumenical Temple
  3137 | Temple   | Became a worshipper of Warmaster Okawaru
  3267 | D:5      | Found Lepu's Assorted Antiques.
  3294 | D:5      | You fall through a shaft for 2 floors!
  3338 | D:7      | Noticed a hippogriff
  3347 | D:7      | Killed a hippogriff
  3968 | D:7      | Got a scintillating platinum ring
  4044 | D:7      | Reached * piety under Okawaru
  4739 | D:8      | Identified the ring "Itheofy" {rN+ MR+ Str+5} (You found it
                  | on level 7 of the Dungeon)
  4758 | D:8      | Reached XP level 9. HP: 68/70 MP: 8/8
  4776 | D:8      | Reached ** piety under Okawaru
  4839 | D:8      | Noticed a two-headed ogre
  5273 | D:6      | Found a burning altar of Makhleb.
  5273 | D:6      | Noticed an Executioner
  5449 | D:6      | Reached skill level 15 in Axes
  5632 | D:6      | Found a shadowy altar of Dithmenos.
  5913 | D:6      | Noticed Sigmund
  5922 | D:6      | Killed Sigmund
  6128 | D:5      | Bought a coral ring for 80 gold pieces
  6128 | D:5      | Bought 2 potions of might for 128 gold pieces
  6128 | D:5      | Bought a scroll of identify for 32 gold pieces
  6152 | D:5      | Reached skill level 5 in Fighting
  6156 | D:5      | Reached *** piety under Okawaru
  6200 | D:5      | Found Ymutax's Antique Armour Emporium.
  6217 | D:5      | Noticed Grinder
  6222 | D:5      | Killed Grinder
  6228 | D:5      | Found a runed translucent door.
  6229 | D:5      | Noticed Crazy Yiuf
  6287 | D:5      | Found Xazoedil's Assorted Antiques.
  6472 | D:5      | Found Zuiddur's Assorted Antiques.
  6485 | D:5      | Found Geshraeva's Jewellery Boutique.
  6698 | D:5      | Found a glowing golden altar of the Shining One.
  6768 | D:5      | Killed Crazy Yiuf
  6916 | D:8      | Found a hide-covered altar of Uskayaw.
  6947 | D:8      | Found a glowing silver altar of Zin.
  6950 | D:8      | Found a deep blue altar of Sif Muna.
  6953 | D:8      | Found a sparkling altar of Nemelex Xobeh.
  6966 | D:8      | Noticed a two-headed ogre
  6978 | D:8      | Killed a two-headed ogre
  6978 | D:8      | Reached **** piety under Okawaru
  6978 | D:8      | Reached XP level 10. HP: 46/90 MP: 9/9
  7393 | D:8      | Reached skill level 5 in Shields
  7406 | D:8      | Killed a two-headed ogre
  7512 | D:8      | Reached ***** piety under Okawaru
  7904 | D:9      | Found Yffycs Qudgh's Jewellery Shop.
  8032 | D:9      | Noticed a two-headed ogre
  8043 | D:9      | Killed a two-headed ogre
  8043 | D:9      | Reached skill level 10 in Shields
  8550 | D:10     | Entered Level 10 of the Dungeon
  8550 | D:10     | Noticed Nergalle
  8573 | D:10     | Killed Nergalle
  8573 | D:10     | Reached XP level 11. HP: 83/95 MP: 10/10
  8762 | D:10     | Received a gift from Okawaru
  8783 | D:10     | Got a jasper-encrusted plate armour {god gift}
  8798 | D:10     | Identified the +4 plate armour "Gujumi" {MR+ Str+4}
                  | (Okawaru gifted it to you on level 10 of the Dungeon)
  8838 | D:10     | Noticed Psyche
  8844 | D:10     | Killed Psyche
  8992 | D:10     | Found a roughly hewn altar of Beogh.
  9142 | D:10     | Noticed Fannar
  9165 | D:10     | Killed Fannar
  9283 | D:11     | Found Unkiloof's Gadget Shoppe.
  9290 | D:11     | Noticed a red ugly thing
  9301 | D:11     | Killed a red ugly thing
  9309 | D:11     | Noticed a two-headed ogre
  9321 | D:11     | Killed a two-headed ogre
  9705 | D:5      | Bought a slimy chain mail for 209 gold pieces
  9715 | D:5      | Identified the +3 chain mail of the City {Int+4 Dex+4} (You
                  | bought it in a shop on level 5 of the Dungeon)
 10070 | D:11     | Found a staircase to the Lair.
 10356 | D:12     | Noticed Erolcha
 10365 | D:12     | Killed Erolcha
 10365 | D:12     | Reached ****** piety under Okawaru
 10395 | D:12     | Noticed a death knight
 10395 | D:12     | Noticed a skeletal warrior
 10405 | D:12     | Reached skill level 15 in Shields
 10837 | D:12     | Found a staircase to the Orcish Mines.
 10855 | D:12     | Reached XP level 12. HP: 88/103 MP: 11/11
 10958 | D:12     | Received a gift from Okawaru
 10962 | D:12     | Reached skill level 5 in Armour
 11551 | D:12     | Got a smoking broad axe {god gift}
 11552 | D:12     | Identified the +4 broad axe of Duty {protect, rF+} (Okawaru
                  | gifted it to you on level 12 of the Dungeon)
 11651 | D:12     | Noticed Sonja
 11659 | D:12     | Noticed Sonja
 11659 | D:12     | Sonja changed into Sonja the big kobold
 11671 | D:12     | Killed Sonja the big kobold
 11812 | D:13     | Reached skill level 1 in Dodging
 11860 | D:13     | Noticed a two-headed ogre
 11868 | D:13     | Killed a two-headed ogre
 11999 | D:13     | Received a gift from Okawaru
 12003 | D:13     | Reached skill level 5 in Dodging
 12068 | D:13     | Noticed a vault guard
 12091 | D:13     | Killed a vault guard
 12206 | D:13     | Found a gate to the Vaults.
 12335 | D:13     | Noticed a centaur warrior
 12347 | D:13     | Killed a centaur warrior
 12411 | D:13     | Reached XP level 13. HP: 108/108 MP: 12/12
 12578 | D:13     | Reached skill level 10 in Dodging
 12762 | D:14     | Reached skill level 10 in Fighting
 12828 | D:14     | Noticed Frances
 12865 | D:14     | Received a gift from Okawaru
 13257 | D:14     | Noticed Kirke
 13269 | D:14     | Killed Kirke
 13586 | D:14     | Received a gift from Okawaru
 13590 | D:14     | Noticed Rupert
 13620 | D:14     | Killed Rupert
 13894 | D:14     | Killed Frances
 14588 | Orc:1    | Entered Level 1 of the Orcish Mines
 14696 | Orc:2    | Entered Level 2 of the Orcish Mines
 14869 | Orc:2    | Found a staircase to the Elven Halls.
 14873 | Orc:2    | Found a roughly hewn altar of Beogh.
 14890 | Orc:2    | Reached skill level 1 in Evocations
 14895 | Orc:2    | Reached XP level 14. HP: 132/132 MP: 13/13
 14982 | Orc:2    | Noticed Donald
 14998 | Orc:2    | Killed Donald
 15310 | Orc:2    | Found a roughly hewn altar of Beogh.
 15335 | Orc:2    | Found a roughly hewn altar of Beogh.
 15335 | Orc:2    | Found Ydwo Taf's General Store.
 15422 | Orc:2    | Found a roughly hewn altar of Beogh.
 15460 | Orc:2    | Found a roughly hewn altar of Beogh.
 15518 | Orc:2    | Received a gift from Okawaru
 15583 | Orc:2    | Noticed Saint Roka
 15938 | Orc:2    | Killed Saint Roka
 16214 | Orc:2    | Found Utticw's Antique Weapon Shop.
 16215 | Orc:2    | Found a roughly hewn altar of Beogh.
 16216 | Orc:2    | Found Puoshroot's Antique Armour Boutique.
 16284 | Orc:2    | Found Dar Petisoy's General Store.
 16292 | Orc:2    | Bought a scroll of teleportation for 39 gold pieces
 16454 | Lair:1   | Entered Level 1 of the Lair of Beasts
 16725 | Lair:1   | Found a large runed translucent door.
 16726 | Lair:1   | Found a large runed translucent door.
 16728 | Lair:1   | Noticed Xaytacwe's ghost (journeyman GnNe)
 16801 | Lair:1   | Found a dark tunnel.
 16900 | Lair:1   | Received a gift from Okawaru
 17232 | Lair:1   | Killed Xaytacwe's ghost
 17232 | Lair:1   | Reached skill level 1 in Invocations
 17908 | Lair:2   | Reached skill level 5 in Invocations
 18292 | Lair:3   | Found a staircase to the Snake Pit.
 18359 | Lair:3   | Received a gift from Okawaru
 18724 | Lair:3   | Found a staircase to the Swamp.
 20085 | Lair:5   | Reached XP level 15. HP: 126/138 MP: 18/20
 20176 | Lair:5   | Found a staircase to the Slime Pits.
 20622 | Lair:6   | Entered Level 6 of the Lair of Beasts
 20932 | Lair:6   | Reached skill level 10 in Invocations
 20936 | Lair:6   | Received a gift from Okawaru
 21064 | Lair:6   | Noticed Josephine
 21081 | Lair:6   | Killed Josephine
 21854 | Lair:6   | Identified the Guide on the Glacier and Attacks
 22049 | Swamp:1  | Entered Level 1 of the Swamp
 22723 | Swamp:2  | Received a gift from Okawaru
 23422 | Swamp:3  | Noticed a thorn hunter
 23440 | Swamp:3  | Killed a thorn hunter
 24171 | Swamp:3  | Reached XP level 16. HP: 129/146 MP: 25/25
 24246 | Swamp:3  | Noticed a thorn hunter
 24265 | Swamp:3  | Killed a thorn hunter
 24857 | Swamp:4  | Entered Level 4 of the Swamp
 24859 | Swamp:4  | Noticed a thorn hunter
 24874 | Swamp:4  | Killed a thorn hunter
 25853 | Swamp:4  | Received a gift from Okawaru
 26419 | Swamp:4  | Reached skill level 10 in Evocations
 27095 | Swamp:4  | HP: 7/146 [seven-headed hydra (1)]
 27096 | Swamp:4  | HP: 3/146 [seven-headed hydra (3)]
 27097 | Swamp:4  | Succumbed to poison (poison gas)

Skill      XL: |  1  2  3  4  5  6  7  8  9 10 11 12 13 14 15 16 |
---------------+-------------------------------------------------+-----
Axes           | 4 5 6 7 9 11 13 15 | 15.6
Fighting       | 8 14 | 14.2
Shields        | 10 15 | 15.0
Armour         | 8 |  8.1
Dodging        | 9 10 | 10.1
Evocations     | 1 7 10 | 10.0
Invocations    | 8 13 14 | 14.1

Action                   |  1- 3 |  4- 6 |  7- 9 | 10-12 | 13-15 | 16-18 || total
-------------------------+-------+-------+-------+-------+-------+-------++-------
Melee: War axe           |    18 |   117 |   221 |       |       |       ||   356
       Headbutt          |     2 |    14 |    70 |   212 |   379 |    59 ||   736
       Hand axe          |       |       |   116 |   499 |       |       ||   615
       Broad axe         |       |       |       |   211 |  1269 |   136 ||  1616
       Eveningstar       |       |       |       |       |    34 |    25 ||    59
Invok: Heroism           |       |       |       |       |     1 |       ||     1
       Finesse           |       |       |       |       |     1 |       ||     1
Evoke: Wand              |       |       |     4 |    12 |     7 |    24 ||    47
       Phial of floods   |       |       |       |       |       |     1 ||     1
  Use: Scroll            |       |     5 |    16 |    12 |    15 |     8 ||    56
       Potion            |       |       |     4 |    12 |     4 |     7 ||    27
 Stab: Petrified         |       |       |       |       |     4 |       ||     4
       Confused          |       |       |       |       |       |     1 ||     1
  Eat: Ration            |       |     2 |     5 |     3 |    12 |     2 ||    24
       Chunk             |       |       |       |     4 |     2 |       ||     6
Armor: Scale mail        |     6 |    53 |    76 |    48 |       |       ||   183
       Plate armour      |       |       |       |    98 |   366 |   118 ||   582
Dodge: Dodged            |     9 |    30 |    70 |   104 |   362 |   132 ||   707
Block: Shield            |    10 |    59 |    98 |   426 |  1157 |   231 ||  1981
       Reflection        |       |       |       |       |     3 |     6 ||     9
